 Dungeon Crawl Stone Soup version 0.21-a0-225-g207ae17 (webtiles) character file.

38 Blomdor the Chopper (level 3, 0/28 HPs)
             Began as a Barachi Skald on Aug 30, 2017.
             Slain by a giant cockroach (2 damage)
             ... on level 2 of the Dungeon.
             The game lasted 00:01:00 (618 turns).

Blomdor the Chopper (Barachi Skald)                  Turns: 618, Time: 00:01:01

Health: 0/28       AC:  3    Str: 13    XL:     3   Next: 43%
Magic:  6/6        EV: 12    Int: 18    God:
Gold:   45         SH:  0    Dex: 11    Spells: 5/6 levels left

rFire    . . .     SeeInvis .   a - +0 hand axe
rCold    . . .     Gourm    .   (no shield)
rNeg     . . .     Faith    .   b - +0 leather armour
rPois    .         Spirit   .   (no helmet)
rElec    .         Reflect  .   (no cloak)
rCorr    .         Harm     .   (no gloves)
MR       .....                  (no boots)
Stlth    +.........             (no amulet)
HPRegen  0.09/turn              (no ring)
MPRegen  0.10/turn              (no ring)

@: brilliant, slow
A: +LOS, swims, slowness 1, strong legs 1
a: Hop


You were on level 2 of the Dungeon.
You were not hungry.

You visited 1 branch of the dungeon, and saw 2 of its levels.

You collected 45 gold pieces.

Inventory:

Hand Weapons
 a - a +0 hand axe (weapon)
Armour
 b - a +0 leather armour (worn)
Scrolls
 g - a scroll of enchant armour {unknown}
 h - a scroll of remove curse {unknown}
Books
 c - a book of Battle

   Spells                             Type                      Level
   a - Infusion                       Charms                       1
   b - Shroud of Golubria             Charms/Translocation         2
   c - Song of Slaying                Charms                       2
   d - Spectral Weapon                Hexes/Charms                 3
   e - Regeneration                   Charms/Necromancy            3
Comestibles
 d - 2 bread rations
 i - 3 chunks of flesh


   Skills:
 - Level 2.4 Fighting
 * Level 4.1 Axes
 - Level 1.2 Armour
 - Level 2.1 Dodging
 - Level 2.1 Spellcasting
 - Level 3.2 Charms


You had 5 spell levels left.
You knew the following spells:

 Your Spells              Type           Power        Failure   Level  Hunger
a - Infusion              Chrm           ###.         1%          1    #......


Dungeon Overview and Level Annotations

Branches:
Dungeon (2/15)

Altars:
Ashenzari


Innate Abilities, Weirdness & Mutations

Shadows flee at your approach. (+LOS)
You can swim through water.
You cover ground slowly.
You can hop short distances.


Message History

You feel sick.
You feel sick.
You are starting to lose your buoyancy.
You feel sick.
You are no longer poisoned.
The giant cockroach closely misses you. The rat closely misses you.
The giant cockroach closely misses you.
You float gracefully downwards.
The giant cockroach bites you.
* * * LOW HITPOINT WARNING * * *
The rat closely misses you. The giant cockroach barely misses you.
You hit the giant cockroach but do no damage.
You hit the rat.
You kill the rat!
The giant cockroach bites you.
* * * LOW HITPOINT WARNING * * *
You hit the giant cockroach but do no damage.
The giant cockroach barely misses you.
You barely miss the giant cockroach. The giant cockroach bites you.
You die...

....... ... #....#
#.. #....###..
#....##.. ###+#
#....##.!
#...#########....##..
#....)......+......!.
#..........##....####
#.<.@s....w..........
##...............####
#...............###.
##..............+...
#.######.......###.
#.# #.####### #. #.#
#.# #. #.# #.# #. #.#
#.# ##


You could see a worm and a giant cockroach.

Vanquished Creatures
  An adder (D:2)
  2 oozes (D:1)
  A dart slug (D:2)
  A giant cockroach (D:2)
  5 goblins (D:1)
  A hobgoblin (D:1)
  2 bats (D:1)
  A frilled lizard (D:2)
  2 kobolds (D:1)
  4 rats
20 creatures vanquished.

Notes
Turn   | Place    | Note
-------+----------+-------------------------------------------
     0 | D:1      | Blomdor the Barachi Skald began the quest for the Orb.
     0 | D:1      | Reached XP level 1. HP: 17/17 MP: 3/3
    32 | D:1      | Found a shattered altar of Ashenzari.
    81 | D:1      | Reached skill level 3 in Axes
    81 | D:1      | Reached XP level 2. HP: 15/23 MP: 5/5
   555 | D:2      | Reached XP level 3. HP: 26/28 MP: 6/6
   586 | D:2      | Reached skill level 4 in Axes
   618 | D:2      | Slain by a giant cockroach

Vault maps used:
D:1:      minmay_arrival_four_houses, nicolae_ashenzari_panopticon
D:2:      minmay_cupped, uniq_crazy_yiuf_cottage, uniq_jessica

Skill      XL: |  1  2  3 |
---------------+----------+-----
Axes           | 3 4 |  4.1
Fighting       | |  2.4
Armour         | |  1.2
Dodging        | |  2.1
Spellcasting   | |  2.1
Charms         | |  3.2

Action                   || total
-------------------------++-------
Melee: Hand axe          ||    71
  Use: Potion            ||     2
Armor: Leather armour    ||    16
Dodge: Dodged            ||    54

Table legend:
 A = Spawn XP
 B = Non-spawn XP
 C = Spawn XP percentage of total XP
 D = Spawn monster count
 E = Non-spawn monster count
 F = Spawn count percentage of total count
 G = Total turns spent on level
                    A         B        C        D         E        F      G
               +---------+---------+-------+---------+---------+-------+---------
         Total |       1 |      54 |   1.8 |       1 |      19 |   5.0 |   618
               +---------+---------+-------+---------+---------+-------+---------
           D:1 |       1 |      32 |   3.0 |       1 |      13 |   7.1 |   534
           D:2 |       0 |      22 |   0.0 |       0 |       6 |   0.0 |    84
               +---------+---------+-------+---------+---------+-------+---------
